cohdb
Replays
Latest Replays
All Replays
Popular Replays
Top Player Replays
Match Explorer
How It Works
Community
CoH3 Stats
Reddit
Sign in to upload your games and track your stats! →
Sign in with Steam
Match 42632586
Unlisted
Match 42632586
Overview
Messages
Build Orders
End
Construct Barracks
Riflemen Squad
Riflemen Squad
Riflemen Squad
Grenade Package
Construct Weapon Support Center
M1919 Machine Gun Team
M1919 Machine Gun Team
Mechanized Support Center
Construct Medical Station
M3 Armored Personnel Carrier
Bazooka Squad
Selects Heavy Weapons
Selects M2HB .50cal Heavy Machine Gun
M1 Mortar Team
M1919 Machine Gun Team
Construct Tank Depot
Selects Gallant Stand
Selects Black Dragon Artillery Barrage
Selects Assault Carriers
Selects Exchangeable Parts
M4A1 Sherman Medium Tank
Gallant Stand
Bazooka Squad
Engineer Squad
M4A1 Sherman Medium Tank
Engineer Squad
Construct Motor Pool
M4A1 Sherman Medium Tank
M1 Anti-tank Gun Team
Improved M9 Bazooka Rockets
M1 Anti-tank Gun Team
matrix4x4
891064kan
0
0
Comments
sign in to comment!
No comments posted yet!